 Dungeon Crawl Stone Soup version 0.32-a0-643-ga006e7742e (webtiles) character file.

Game seed: 15916248005664214712

32 croobank the Sneak (level 3, -2/29 HPs)
             Began as a Demonspawn Delver on Mar 8, 2024.
             Slain by an iguana (13 damage)
             ... on level 5 of the Dungeon.
             The game lasted 00:01:18 (180 turns).

croobank the Sneak (Demonspawn Delver)               Turns: 180, Time: 00:01:18

Health: -2/29      AC:  4    Str: 12    XL:     3   Next: 8%
Magic:  3/3        EV: 12    Int: 12    God:
Gold:   0          SH:  0    Dex: 14    Spells: 2/2 levels left

rFire   . . .        a - +0 short sword
rCold   . . .        (no shield)
rNeg    . . .        b - +0 leather armour
rPois   .            (no helmet)
rElec   .            (no cloak)
rCorr   .            (no gloves)
SInv    .            (no boots)
Will    .....        (no amulet)
Stlth   +++          (no ring)
HPRegen 0.24/turn    (no ring)
MPRegen 0.08/turn

%: no passive effects
@: no status effects
A: rugged brown scales 1
a: Convert to Beogh


You were on level 5 of the Dungeon.
You visited 1 branch of the dungeon, and saw 2 of its levels.

Inventory:

Hand Weapons
 a - a +0 short sword (weapon)
Armour
 b - a +0 leather armour (worn)
Wands
 g - a wand of digging (2)


   Skills:
 + Level 3.3 Fighting
 + Level 2.2 Short Blades
 + Level 2.2 Dodging
 + Level 4.7 Stealth


You had 2 spell levels left.
You didn't know any spells.
Your spell library was empty.

Dungeon Overview and Level Annotations

Branches:
Dungeon (6/15)
 Temple: D:4-7

Altars:

Annotations:
D:5 3 runed translucent doors, growler's ghost, novice CoAr


Innate Abilities, Weirdness & Mutations

You are partially covered in rugged brown scales. (AC +1, +3% HP)


Message History

You feel yourself slow down.
You start resting.
HP restored.
You start waiting.
An orc comes into view. It is wielding a +0 club.
An orc is nearby!
The orc shouts!
You hear a shout!
You hear an angry hiss.
You hear a shout! x2
You hear a bark!
A hound, 2 orcs and 2 orc priests come into view.
An orc is wielding a +0 trident and carrying a wand of warping.
The orc moves out of view.
The orc priest moves out of view.
Okay, then.
As you read the scroll of fog, it dissolves into smoke.
The orc priest barely misses you. The orc hits you but does no damage.
The orc closely misses you.
The orc priest miscasts a cantrip.
The orc hits you with a +0 club.
You hit the orc.
The orc is lightly wounded.
The orc priest mumbles some strange prayers to Beogh against you.
Pain shoots through your body! The orc closely misses you.
The orc priest shouts, "Beogh offers mercy even to people such as you.
Join us and be reborn!" (press Y on the ability menu to convert to Beogh)
Okay, then.
You aren't carrying any potions.
Unknown command.
The orc hits you with a +0 club. The orc hits you but does no damage.
Okay, then.
Aiming: Dig
Press: ? - help, Shift-Dir - straight line A rock wall.
The rock shatters into small pieces.
The orc shouts!
The orc priest calls upon Beogh to heal the orc.
The orc's wounds heal themselves!
The hound barely misses you.
Found a stone staircase leading up.
The orc priest hits you with a +0 short sword.
The iguana bites you!
You die...

******** *,,,,* *,* ,,,,,,,*
## *,,,,***** *,* ,,,,,,,* #.#
*,,,,,,,,* *,* ,,,,,,,**##.#**
*,,,,***,* *,* ,,,,,,,*,.....*
*,,,,***,* *,*
,,,,,,,#.....o##***,***,,,*
*,* ,,,,,,,#.l.,,...,,,,*
***,****,*
***,,,,....,,,#<##***
***,,,,,,*
**,,,..h.#####@######..*#***,*
**,,.....##oolh......##~⌠~***
*,,,,,#§§§..o..####.#.K,,,**
****,*#§##o......##.+K###,,*
*,*#§§§§§§.......+KKK,,!*
*,*####§§§....##.+K###..*
****,***######...##.#WK...**
*,,,,,,*######......##KKP###
*,**,*,*######.......#####.#


You could see an iguana, a hound, 2 orc priests and 3 orcs.

Vanquished Creatures
  A hound (D:5)
1 creature vanquished.

Notes
Turn   | Place    | Note
-------+----------+-------------------------------------------
     0 | D:5      | croobank the Demonspawn Delver began the quest for the Orb.
     0 | D:5      | Reached XP level 1. HP: 18/18 MP: 1/1
     1 | D:6      | Noticed a scorpion
    18 | D:5      | Found a runed translucent gate.
    18 | D:5      | Found a runed translucent gate.
    18 | D:5      | Found a runed translucent gate.
    20 | D:5      | Noticed growler's ghost (novice CoAr)
    21 | D:5      | Noticed a kobold brigand
    23 | D:5      | Noticed a hound
    35 | D:5      | Killed a hound
    36 | D:5      | Gained mutation: You are partially covered in rugged brown
                  | scales. (AC +1, +3% HP) [demonic ancestry]
    36 | D:5      | Reached XP level 2. HP: 4/24 MP: 2/2
    36 | D:5      | Reached XP level 3. HP: 4/29 MP: 3/3
   180 | D:5      | Slain by an iguana

Illustrated notes

Levels and vault maps discovered:
D:5:      minmay_spotlight, layout_basic, nicolae_overflow_two_pavilions,
          gammafunk_ghost_nasty_kobolds
D:6:      layout_gridville, mainiacjoe_overflow_alcove_2,
          mainiacjoe_overflow_concentric_impassable

Skill      XL: |  1 |
---------------+----+-----
Short Blades   | 2 |  2.2
Dodging        | 2 |  2.2
Fighting       | |  3.3
Stealth        | |  4.7

Action                     || total
---------------------------++-------
  Melee: Short sword       ||    10
  Evoke: Wand              ||     1
    Use: Scroll            ||     3
         Potion            ||     1
   Stab: Sleeping          ||     1
 Armour: Leather armour    ||    15
  Dodge: Dodged            ||     8

Table legend: (Time is in decaauts)
 A = Elapsed time spent in this place.
 B = Non-inter-level travel time spent in this place.
 C = Inter-level travel time spent in this place.
 D = Time resting spent in this place.
 E = Time spent auto-exploring this place.
 F = Levels seen in this place.
 G = Mean time per level.
                   A        B        C        D        E       F      G
               +--------+--------+--------+--------+--------+-----+--------+
         Total |    160 |    160 |      0 |     99 |     18 |   2 |   80.0 |
       Dungeon |    160 |    160 |      0 |     99 |     18 |   2 |   80.0 |
               +--------+--------+--------+--------+--------+-----+--------+

Top non-repeatable levels by time:
     D:5: 157 daAuts
     D:6: 2 daAuts
